[Event "Early-Titled-Tuesday-Blitz-February-06-2024"]
[Site "Chess.com"]
[Date "2024.02.06"]
[Round "8"]
[White "bilosuvenosu06"]
[Black "ljuks68"]
[Result "0-1"]
[WhiteElo "2569"]
[BlackElo "2428"]
[TimeControl "180+1"]
[EndTime "9:28:30 PST"]
[Termination "ljuks68 won by checkmate"]

1. d4 d5 2. c4 c6 3. Nc3 Nf6 4.
Bg5 dxc4 5. e3 b5 6. Nf3 Bb7 7. a4 a6 8. Be2 e6 9. O-O Be7 10. Rc1 O-O 11. b3 b4 12. Bxf6 gxf6 13. Ne4 f5 14.
Ng3 c3 15. Bd3 Nd7 16. e4 fxe4 17. Bxe4 Nf6 18. Bc2 c5 19. Qd3 Qd5 20. Rce1 Bd6 21. Qe3 Ng4 22. Qd3 f5 23. dxc5 Bxc5 24. Qe2 Rae8 25. Rd1 Qc6 26. h3 Nf6 27. Qe5 Re7 28. Rfe1 Rg7 29. Qxe6+ Qxe6 30. Rxe6 Rxg3 31. Ne1 Bxg2 32.
Nxg2 Ne4 33. Rf1 Rxh3 34. Re5 Bd6 35. Nf4 Bxe5 36. Nxh3 Rd8 37. Re1 Rd2 38. Rc1 Bd4 39. Nf4 Rxf2 40. Ne6 Ba7 41. Kh1 Ng3+ 42. Kg1 Rxc2+ 43. Nc5 Bxc5# 0-1

[Event "Early-Titled-Tuesday-Blitz-February-06-2024"]
[Site "Chess.com"]
[Date "2024.02.06"]
[Round "8"]
[White "santosalberto1987"]
[Black "OK97"]
[Result "0-1"]
[WhiteElo "2572"]
[BlackElo "2812"]
[TimeControl "180+1"]
[EndTime "9:28:31 PST"]
[Termination "OK97 won by resignation"]

1. e4 Nc6 2. Nf3 d6 3. d4 Nf6 4. Nc3 g6 5. Be3 Bg7 6. Qd2 O-O 7. Bh6 e5 8. d5 Ne7 9. h4 Bxh6 10. Qxh6 Ng4 11.
Qd2 h5 12. Be2 Kg7 13. Ng5 f6 14. Ne6+ Bxe6 15. dxe6 f5 16. exf5 Rxf5 17. Bxg4 hxg4 18. O-O-O Qf8 19. Rhf1 Rd8 20. Ne4 Rf4 21. Ng5 Qf5 22.
g3 Rd4 23. Qe2 Rxd1+ 24. Rxd1 Rf8 25. Rd2 Nc6 26. c3 a6 27. Qe4 Qxe4 28. Nxe4 Re8 29. Ng5 Nd8 30. Re2 Nxe6 31. Nxe6+ Rxe6 32. Kd2 d5 33. Ke1 Kf6 34. Rd2 Rd6 35. Re2 Kf5 36.
Kf1 c5 37. Ke1 e4 38. Rd2 Ke5 39. Ke2 b5 40. Rc2 a5 41. b3 Rf6 42. b4 axb4 43. cxb4 c4 44. a4 bxa4 45. Ra2 Ra6 46. b5 Rb6 47.
Rxa4 Rxb5 48. Ra6 Rb2+ 49. Ke1 c3 50. Rxg6 Rb1+ 51. Ke2 c2 0-1

[Event "Early-Titled-Tuesday-Blitz-February-06-2024"]
[Site "Chess.com"]
[Date "2024.02.06"]
[Round "8"]
[White "FaustinoOro"]
[Black "MokshAD1603"]
[Result "1-0"]
[WhiteElo "2770"]
[BlackElo "2607"]
[TimeControl "180+1"]
[EndTime "9:28:32 PST"]
[Termination "FaustinoOro won on time"]

1. e4 c5 2. Nf3 d6 3. c3 Nf6 4. h3 Nc6 5. Bd3 g6 6. O-O Bg7 7. Bc2 O-O 8. d4 cxd4 9. cxd4 Nb4 10. Bb3 d5 11. e5 Ne4 12. a3 Nc6 13. Nbd2 Bf5 14.
Re1 Rc8 15. Nf1 Na5 16. Ba2 Nc4 17. Ne3 Nxe3 18. Bxe3 Be6 19. Qe2 Qb6 20. Rac1 f6 21. Bf4 g5 22. Be3 g4 23. hxg4 Rcd8 24. exf6 exf6 25.
Nh4 Nd6 26. Bb1 Rde8 27. Qd3 f5 28. Rc5 Qa6 29. Qxa6 bxa6 30. Rc6 Nc4 31. gxf5 Bf7 32. Nf3 Nxb2 33. Rxa6 Nc4 34. Rxa7 Bh5 35. Rd7 Bxf3 36. gxf3 Bxd4 37. Rxd5 Nxe3 38. Rxd4 Nxf5 39. Rg4+ 1-0

[Event "Early-Titled-Tuesday-Blitz-February-06-2024"]
[Site "Chess.com"]
[Date "2024.02.06"]
[Round "8"]
[White "mjray79"]
[Black "deribas12345"]
[Result "0-1"]
[WhiteElo "2701"]
[BlackElo "2532"]
[TimeControl "180+1"]
[EndTime "9:28:32 PST"]
[Termination "deribas12345 won by resignation"]

1. Nf3 c5 2. g3 Nc6 3. Bg2 e5 4. e4 g6 5. O-O Bg7 6. d3 Nge7 7. Be3 d6 8. c3 O-O 9. Nbd2 f5 10.
exf5 Nxf5 11. Bg5 Qc7 12. Ne4 Kh8 13. Rc1 Be6 14. h3 Rae8 15. g4 Nfe7 16. d4 b6 17.
Re1 d5 18. Ng3 e4 19. Nd2 h6 20. Be3 cxd4 21. cxd4 Qd6 22. Nb1 Nb4 23. Rf1 Nd3 24. Rc2 Nf4 25. Bxf4 Qxf4 26. Nc3 Nc6 27. Nce2 Qd6 28. a3 Rc8 29. f4 exf3 30. Bxf3 Nxd4 31. Rxc8 Nxf3+ 32. Rxf3 Rxc8 33. b4 Qe5 34. Nf4 Bf7 35.
Kg2 d4 36. Nd3 Qc7 37. Rf2 Bd5+ 38. Kh2 Re8 39. Nf4 Re3 40. Nf1 Be5 41. Nxe3 Bxf4+ 0-1

[Event "Early-Titled-Tuesday-Blitz-February-06-2024"]
[Site "Chess.com"]
[Date "2024.02.06"]
[Round "8"]
[White "Bilan_Danila"]
[Black "rhungaski"]
[Result "1-0"]
[WhiteElo "2619"]
[BlackElo "2492"]
[TimeControl "180+1"]
[EndTime "9:28:32 PST"]
[Termination "Bilan_Danila won by resignation"]

1. d4 g6 2. Nf3 Bg7 3. Bg5 h6 4. Bh4 d6 5. c3 Nf6 6. Nbd2 g5 7. Bg3 Nh5 8. e4 Nd7 9. Bc4 e6 10. Nf1 a6 11. a4 b6 12. Ne3 Nf8 13. d5 e5 14. Nxe5 Nxg3 15. Nc6 Nxh1 16. Nxd8 Kxd8 17. Ke2 Nxf2 18. Kxf2 Ng6 19. Be2 Re8 20. Bg4 Rxe4 21. Bxc8 Kxc8 22. g3 Kb7 23. Nf5 Bf6 24. Nxh6 Rae8 25.
Qc2 Bg7 26. Nf5 Bf8 27. Nd4 f5 28. Nf3 Be7 29. Re1 Bf6 30. Rxe4 fxe4 31. Nd4 Bxd4+ 32. cxd4 e3+ 33. Ke2 Ne7 34. Qe4 Kc8 35. Qe5 Kd8 36. Qxg5 Kd7 37. Qg4+ Kd8 38. Qh4 Kd7 39. Qg4+ Kd8 40.
Qh5 Nxd5 41. Qxd5 1-0

[Event "Early-Titled-Tuesday-Blitz-February-06-2024"]
[Site "Chess.com"]
[Date "2024.02.06"]
[Round "8"]
[White "hmatyi07"]
[Black "FredddieCroderg"]
[Result "0-1"]
[WhiteElo "2209"]
[BlackElo "2372"]
[TimeControl "180+1"]
[EndTime "9:28:32 PST"]
[Termination "FredddieCroderg won by resignation"]

1. e4 c6 2. d4 d5 3. Nc3 a6 4.
Be3 Be6 5. f3 Nf6 6. Qd2 b5 7. e5 Nfd7 8. O-O-O Nb6 9. f4 Nc4 10.
Bxc4 bxc4 11. h3 h5 12. Nf3 h4 13. Ng5 Bf5 14. e6 fxe6 15. Bf2 Qb6 16. Rde1 Nd7 17.
Nxe6 Rb8 18. Nd1 Nf6 19. Nc5 Ne4 20. Nxe4 Bxe4 21. Rxe4 dxe4 22. Re1 Rh5 23. Rxe4 Ra5 24. Qc3 Rxa2 25. d5 Ra1+ 26. Kd2 Rxd1+ 27. Kxd1 Qxf2 28.
d6 Qxg2 29. Qxc4 Qf3+ 30. Kd2 Qf2+ 31. Re2 Qb6 32. dxe7 Bxe7 33. Qg8+ Kd7 34. Qe6+ Kd8 35. Qxe7+ Kc8 36. Re6 Qb4+ 37. Qxb4 Rxb4 38. Rxc6+ Kb7 39. Rg6 Rxf4 40. Rxg7+ Kb6 41. Rg2 Rf3 42. Rh2 Rg3 43.
c3 Kc5 44. Kc2 a5 45. Rh1 a4 46. Rh2 Kc4 47. Rh1 Rg2+ 48. Kb1 Kb3 49. Ka1 Rxb2 50. Re1 Rh2 51. c4 Rxh3 52. Re4 Rh1+ 0-1

[Event "Early-Titled-Tuesday-Blitz-February-06-2024"]
[Site "Chess.com"]
[Date "2024.02.06"]
[Round "8"]
[White "DDTerziev04"]
[Black "marsofsilva"]
[Result "0-1"]
[WhiteElo "2293"]
[BlackElo "2097"]
[TimeControl "180+1"]
[EndTime "9:28:32 PST"]
[Termination "marsofsilva won on time"]

1. e4 c5 2. Nf3 Nc6 3. Bb5 Nf6 4. d3 g6 5. Bxc6 dxc6 6. Nbd2 Bg7 7. a4 O-O 8. a5 Qc7 9. Nc4 Bg4 10. Be3 b6 11. O-O b5 12. Ncd2 c4 13. dxc4 bxc4 14. Qe2 c3 15. bxc3 Nd7 16. Bd4 e5 17. Be3 f5 18.
Qc4+ Kh8 19. h3 Bh5 20. Ng5 f4 21. Ne6 Qd6 22. Nxf8 Bxf8 23. Bd4 exd4 24. cxd4 Bg7 25. Nb3 Re8 26. e5 Qd5 27. Qd3 Nf8 28. c4 Qd7 29.
Qe4 g5 30. Rfe1 Bg6 31. Qf3 Qc7 32. Nc5 Ne6 33. Nxe6 Rxe6 34. Rad1 c5 35. Qa8+ Be8 36. d5 Rxe5 0-1

[Event "Early-Titled-Tuesday-Blitz-February-06-2024"]
[Site "Chess.com"]
[Date "2024.02.06"]
[Round "8"]
[White "Msb2"]
[Black "Aradhya2000"]
[Result "1/2-1/2"]
[WhiteElo "2979"]
[BlackElo "2699"]
[TimeControl "180+1"]
[EndTime "9:28:33 PST"]
[Termination "Game drawn by repetition"]

1. d4 d5 2. c4 e6 3. Nc3 Nf6 4. cxd5 exd5 5. Bg5 c6 6. e3 h6 7. Bf4 Bf5 8. Nge2 Nbd7 9. Ng3 Bh7 10. h4 Qb6 11. Qd2 Be7 12. Bd3 Bxd3 13. Qxd3 O-O 14. O-O Rfe8 15. Rab1 a5 16. a3 Bf8 17. Qc2 Qa6 18.
b4 axb4 19. axb4 Qc4 20. Rfc1 Bxb4 21. Nce2 Qxc2 22. Rxc2 Bf8 23. Rxb7 c5 24. dxc5 Nxc5 25. Rb1 Ne6 26. Be5 Ne4 27. Nxe4 dxe4 28. Ng3 Nc5 29. Bd4 Nd3 30. h5 Bd6 31. Nf5 Be5 32. Rb7 Bxd4 33. Nxd4 Rac8 34. Nc6 Kf8 35. Rc4 Re6 36. Na5 Rxc4 37.
Nxc4 Ne5 38. Nb6 Nc6 39. Kh2 Re7 40. Rxe7 Kxe7 41. g4 Ne5 42. Kg3 Ke6 43. Na4 f5 44.
gxf5+ Kxf5 45. Nc5 Nd3 46. Nb7 Kg5 47. Nd6 Nc5 48.
Ne8 Ne6 49. Nd6 Nc5 50. Ne8 Ne6 51. Nd6 Nc5 1/2-1/2

[Event "Early-Titled-Tuesday-Blitz-February-06-2024"]
[Site "Chess.com"]
[Date "2024.02.06"]
[Round "8"]
[White "alekroth65"]
[Black "ProChessWICTH"]
[Result "0-1"]
[WhiteElo "2372"]
[BlackElo "2518"]
[TimeControl "180+1"]
[EndTime "9:28:33 PST"]
[Termination "ProChessWICTH won on time"]

1. d4 Nf6 2. c4 g6 3. Nc3 d5 4.
Nf3 Bg7 5. Bg5 Ne4 6. cxd5 Nxc3 7. bxc3 Qxd5 8. e3 c5 9. Be2 Nc6 10. O-O O-O 11. Rb1 b6 12. c4 Qd8 13. d5 Na5 14. Nd2 Qd7 15. Bf3 Bb7 16. Qc2 Rae8 17. e4 e6 18. g3 f5 19. Nb3 fxe4 20. Bg4 Nxb3 21. Rxb3 Qc7 22. Bxe6+ Rxe6 23. dxe6 Qe5 24. e7 Re8 25. h4 h6 26. Bf4 Qxe7 27. Ra3 Bc8 28. Qd2 Rd8 29. Qe3 Bd4 30. Qe2 h5 31.
Bg5 Qd6 32. Kh2 Rf8 33. Qxe4 Bf5 34. Qe7 Qc6 35. f3 Bd3 0-1

[Event "Early-Titled-Tuesday-Blitz-February-06-2024"]
[Site "Chess.com"]
[Date "2024.02.06"]
[Round "8"]
[White "Massakru"]
[Black "Brahianzevich"]
[Result "1-0"]
[WhiteElo "2339"]
[BlackElo "2431"]
[TimeControl "180+1"]
[EndTime "9:28:34 PST"]
[Termination "Massakru won by checkmate"]

1. e4 c5 2. Nf3 d6 3. c3 Nf6 4. h3 Nc6 5. Bd3 g5 6. Bc2 g4 7. hxg4 Bxg4 8. d3 Qa5 9. Nbd2 b5 10.
Nf1 Rg8 11. Ne3 Bh5 12. g4 Bxg4 13. Nxg4 Rxg4 14. Qe2 Qc7 15. Bg5 Bg7 16. O-O-O O-O-O 17. Kb1 b4 18. Bb3 e6 19. Bxf6 Bxf6 20. Rxh7 Rg7 21.
Rxg7 Bxg7 22. d4 bxc3 23. bxc3 cxd4 24. cxd4 Qb6 25. Rc1 Kb8 26. d5 Na5 27. Nd2 Bh6 28.
Nc4 Nxc4 29. Rxc4 exd5 30. exd5 Rg8 31. Qc2 Rg1+ 32. Kb2 Bg7+ 33. Ka3 Qa5+ 34. Ba4 Qb6 35. Rb4 Bd4 36. Rxb6+ axb6 37. Qd3 Bc5+ 38. Kb3 Rg2 39.
Qf5 Rxf2 40. Qd7 Rf3+ 41. Kc2 Rf2+ 42. Kd3 Rf3+ 43. Ke4 Re3+ 44. Kf4 Ra3 45. Bc6 Ra7 46. Qd8# 1-0

[Event "Early-Titled-Tuesday-Blitz-February-06-2024"]
[Site "Chess.com"]
[Date "2024.02.06"]
[Round "8"]
[White "Blitzking642"]
[Black "The_Straightforward_Rook"]
[Result "1/2-1/2"]
[WhiteElo "2535"]
[BlackElo "2407"]
[TimeControl "180+1"]
[EndTime "9:28:37 PST"]
[Termination "Game drawn by repetition"]

1. d4 d5 2. c4 c6 3. cxd5 cxd5 4. Bf4 Nf6 5. Nc3 Nc6 6. e3 Bf5 7. Qb3 Na5 8. Qa4+ Bd7 9. Qc2 e6 10. Bd3 Rc8 11. Nge2 Be7 12. h3 O-O 13. O-O Nc4 14.
Rfc1 a6 15. a4 h6 16. b3 Nd6 17. Qb2 Qb6 18. Rab1 Rfd8 19. Na2 Nde4 20. Rxc8 Rxc8 21. Rc1 Nd6 22. Rxc8+ Nxc8 23. Qc2 Qc6 24. Qxc6 Bxc6 25. Kf1 Bd6 26. Bxd6 Nxd6 27. Ke1 Kf8 28. f3 a5 29. Nec3 Ke7 30. g4 g5 31. Kd2 Nd7 32. b4 b6 33.
b5 Bb7 34. e4 f6 35. Ke3 Nf7 36. Nc1 Nh8 37. Nb3 Kd6 38. Nd2 Nf8 39. Nf1 Nhg6 40.
Ne2 e5 41. Nfg3 Nh4 42. Nh5 Ke6 43. Ng7+ Kf7 44. Nf5 Nxf5+ 45. exf5 Nd7 46. Bc2 Ke7 47. Bb3 Kd6 48. Nc3 exd4+ 49. Kxd4 Ne5 50. Ke3 Nxf3 51. Kxf3 d4+ 52. Ne4+ Ke5 53. Bc2 Bd5 54. Bd3 Bb7 55.
Bc2 Bd5 56. Bd3 Bb7 57. Bc2 1/2-1/2

[Event "Early-Titled-Tuesday-Blitz-February-06-2024"]
[Site "Chess.com"]
[Date "2024.02.06"]
[Round "8"]
[White "Nf3c5"]
[Black "SabinaFoisor"]
[Result "1-0"]
[WhiteElo "2546"]
[BlackElo "2337"]
[TimeControl "180+1"]
[EndTime "9:28:37 PST"]
[Termination "Nf3c5 won by checkmate"]

1. e4 c6 2. d4 d5 3. e5 Bf5 4. h4 h5 5. c4 e6 6. Nc3 Bb4 7.
Qb3 Qb6 8. a3 Bxc3+ 9. Qxc3 dxc4 10. Bxc4 Ne7 11. Ne2 Nd7 12. O-O Nd5 13. Qg3 O-O-O 14.
b4 f6 15. b5 g5 16. bxc6 Qxc6 17. Bd2 gxh4 18. Qxh4 Rdg8 19. f3 Kb8 20. Rfc1 fxe5 21. dxe5 Nxe5 22. Nd4 Qc5 23. Kh1 Ng4 24. Nxf5 exf5 25. Bxd5 Qxd5 26. Bf4+ Ka8 27. Rd1 Qc4 28. Bg3 Ne3 29. Qxc4 Nxc4 30. Bf2 h4 31. Rac1 b5 32. Kh2 h3 33. g3 Ne5 34. Rc3 Rc8 35. Re3 Rhg8 36.
Rxe5 Rc2 37. Rf1 Ra2 38. Rxb5 Rxa3 39. Rxf5 a5 40. g4 a4 41. Kxh3 Ra2 42. Kg3 a3 43.
Rb1 Rb8 44. Ra5# 1-0

[Event "Early-Titled-Tuesday-Blitz-February-06-2024"]
[Site "Chess.com"]
[Date "2024.02.06"]
[Round "8"]
[White "youngKID"]
[Black "rasmussvane"]
[Result "1/2-1/2"]
[WhiteElo "2821"]
[BlackElo "2970"]
[TimeControl "180+1"]
[EndTime "9:28:38 PST"]
[Termination "Game drawn by repetition"]

1. Nf3 d5 2. g3 Nf6 3. Bg2 e6 4. O-O Be7 5. d3 O-O 6. Nbd2 Nc6 7. e4 dxe4 8. dxe4 e5 9. Nc4 Qxd1 10. Rxd1 Nxe4 11. Nfxe5 Nxe5 12. Nxe5 Nd6 13. c4 Bf6 14. f4 Bxe5 15. fxe5 Nxc4 16. e6 Bxe6 17. b3 Nd6 18. Bf4 Rab8 19. Rac1 Rfc8 20. Rd2 Ne8 21. Rdc2 Kf8 22.
Bxc7 Nxc7 23. Rxc7 b6 24. Kf2 a5 25. h4 Rxc7 26.
Rxc7 Rc8 27. Rxc8+ Bxc8 28. Ke3 Ke7 29. Kd4 Kd6 30. a3 Be6 31. b4 f6 32. bxa5 bxa5 33. Be4 Bg8 34. h5 Bf7 35. g4 Be6 36. Bf3 Bd7 37.
Bd1 Bc8 38. Be2 Be6 39. Bf3 Bf7 40. Be4 Be6 41. Bf3 1/2-1/2

[Event "Early-Titled-Tuesday-Blitz-February-06-2024"]
[Site "Chess.com"]
[Date "2024.02.06"]
[Round "8"]
[White "jacky72"]
[Black "RobertJFischer71"]
[Result "1/2-1/2"]
[WhiteElo "2811"]
[BlackElo "2589"]
[TimeControl "180+1"]
[EndTime "9:28:38 PST"]
[Termination "Game drawn by repetition"]

1. Nc3 Nf6 2. e4 e5 3. Bc4 Bc5 4. d3 c6 5. Nf3 d6 6. Be3 Bb6 7.
h3 O-O 8. O-O Nbd7 9. Bb3 Nc5 10.
Bg5 h6 11. Bh4 Nxb3 12. axb3 g5 13. Bg3 Nh5 14. d4 g4 15. hxg4 Bxg4 16. Ne2 Bxf3 17. gxf3 Qg5 18. Qc1 Nxg3 19. fxg3 Qxc1 20. Raxc1 Bxd4+ 21. Nxd4 exd4 22. Rcd1 c5 23. c3 dxc3 24. bxc3 Rfd8 25.
Rd5 a5 26. c4 a4 27. bxa4 Rxa4 28. e5 Rxc4 29. exd6 Rd4 30. Rxc5 R8xd6 31. Rc8+ Kg7 32.
Rb8 b6 33. Rf2 h5 34. Kg2 h4 35. g4 Rh6 36. Kh3 Rf4 37. Kg2 Rhf6 38. Kh3 Rxf3+ 39. Rxf3 Rxf3+ 40. Kxh4 Rb3 41. Kg5 Rb5+ 42. Kf4 Kf6 43. Rb7 Ke6 44. Ke4 Rb4+ 45. Kf3 f6 46. Kg3 Ke5 47.
Re7+ Kd6 48. Rf7 Ke6 49. Rb7 b5 50. Rb8 Rb1 51. Kf4 b4 52. Rb6+ Kf7 53. Kf5 Rf1+ 54.
Ke4 Rg1 55. Kf5 Rf1+ 56. Ke4 Re1+ 57. Kf5 Rf1+ 1/2-1/2

[Event "Early-Titled-Tuesday-Blitz-February-06-2024"]
[Site "Chess.com"]
[Date "2024.02.06"]
[Round "8"]
[White "Bkmzzzzz"]
[Black "Viktor_Poddubnyi"]
[Result "1-0"]
[WhiteElo "2389"]
[BlackElo "2261"]
[TimeControl "180+1"]
[EndTime "9:28:38 PST"]
[Termination "Bkmzzzzz won on time"]

1. e4 g6 2. d4 Bg7 3. c3 d6 4. Nf3 Nf6 5. Bd3 O-O 6. O-O Nc6 7. Re1 e5 8. d5 Ne7 9. h3 Nh5 10. Bg5 h6 11. Be3 Nf4 12. Bxf4 exf4 13. Na3 g5 14. Nh2 Ng6 15. Nc2 Bd7 16. Nd4 Re8 17. Qh5 Ne5 18. Bc2 Qf6 19. Nf5 Bxf5 20. exf5 Re7 21. Rxe5 Rxe5 22.
Ng4 Qe7 23. f6 Bxf6 24. Nxh6+ Kf8 25. Nf5 Rxf5 26. Bxf5 Re8 27. Kh2 Bg7 28. Rd1 Qf6 29. Bg4 Re5 30. b3 b5 31. c4 b4 32. Bf3 Qe7 33. Qg4 f5 34. Qh5 Bf6 35. Qh6+ Bg7 36. Qg6 Bf6 37. Rb1 Bg7 38. Ra1 Qf6 39. Qh7 1-0

[Event "Early-Titled-Tuesday-Blitz-February-06-2024"]
[Site "Chess.com"]
[Date "2024.02.06"]
[Round "8"]
[White "GMBenjaminBok"]
[Black "LyonBeast"]
[Result "0-1"]
[WhiteElo "2980"]
[BlackElo "3162"]
[TimeControl "180+1"]
[EndTime "9:28:39 PST"]
[Termination "LyonBeast won by resignation"]

1. d4 Nf6 2. c4 g6 3. g3 c6 4.
Nf3 d5 5. cxd5 cxd5 6. Bg2 Bg7 7. Nc3 O-O 8. Ne5 Nc6 9. Nxc6 bxc6 10. O-O Bf5 11.
Bf4 Nh5 12. Be3 c5 13. Nxd5 e6 14. Nf4 cxd4 15. Nxh5 gxh5 16. Bd2 Rb8 17. b3 h4 18. Rc1 h3 19. Bf3 e5 20. Rc5 Qd7 21. e4 Be6 22. Qe2 Rfc8 23. Rfc1 Rxc5 24. Rxc5 Rc8 25. Bb4 Bf8 26. Rxc8 Qxc8 27. Bxf8 Kxf8 28. Qd2 Qc3 29.
Qxc3 dxc3 30. Bd1 Bg4 31. Bc2 Bf3 32. Kf1 Ke7 33. Ke1 Kd6 34. b4 h6 35. Bd3 Kc6 36.
a3 Kb6 37. Bc4 f6 38. Bd3 a5 39. Bf1 axb4 40. axb4 Bxe4 41. Kd1 Kc6 42. Kc1 Kd5 43. Bxh3 Kc4 44. Bf1+ Kxb4 45. Be2 Kc5 46. Bf1 Kd4 47.
Be2 Bd3 48. Bf3 e4 49. Bg2 e3 50. fxe3+ Kxe3 51. Bd5 Kf2 52. g4 Kg1 53. h4 Kf2 54. h5 Kg3 55. Be6 Kf4 56. Bd7 Kg5 57. Be6 Be2 58. Kc2 Bxg4 59. Bd5 Bxh5 60. Kxc3 Kf4 61. Kd2 Bf3 62. Be6 h5 63. Ke1 Kg3 64. Kf1 h4 0-1

[Event "Early-Titled-Tuesday-Blitz-February-06-2024"]
[Site "Chess.com"]
[Date "2024.02.06"]
[Round "8"]
[White "Vaathi_Coming"]
[Black "Kildepiotr"]
[Result "0-1"]
[WhiteElo "2910"]
[BlackElo "2698"]
[TimeControl "180+1"]
[EndTime "9:28:39 PST"]
[Termination "Kildepiotr won on time"]

1. Nf3 d5 2. Rg1 c5 3. g4 Nc6 4. c4 d4 5. d3 e5 6. Nbd2 h5 7. g5 Nge7 8. Ne4 Ng6 9. e3 Bf5 10. Be2 Be7 11. Nfd2 dxe3 12. fxe3 Nb4 13. Qb3 a5 14. a3 a4 15. Qc3 Nc6 16. Ng3 Bg4 17. Nde4 Bxe2 18. Kxe2 Qd7 19. Nh1 h4 20. Nhf2 h3 21.
Bd2 Rh4 22. Raf1 O-O-O 23. Qc2 Nf8 24. Nc3 Kb8 25. Nfe4 Rg4 26. Be1 Rxg1 27. Rxg1 Ne6 28. Nd5 Ned4+ 29. exd4 Nxd4+ 30. Kd1 Nxc2 31. Kxc2 Bf8 32.
Ba5 Re8 33. Bc7+ Qxc7 34. Nxc7 Kxc7 35. Rf1 Re7 36. Rf3 b6 37. Rxh3 Rd7 38. Rf3 g6 39.
Nf6 Rd4 40. Nd5+ Kc6 0-1

[Event "Early-Titled-Tuesday-Blitz-February-06-2024"]
[Site "Chess.com"]
[Date "2024.02.06"]
[Round "8"]
[White "Bodnar_Mykola"]
[Black "ansko1999"]
[Result "0-1"]
[WhiteElo "2499"]
[BlackElo "2676"]
[TimeControl "180+1"]
[EndTime "9:28:39 PST"]
[Termination "ansko1999 won by resignation"]

1. e4 d6 2. d4 Nf6 3. Nc3 c6 4. a4 Qc7 5. Nf3 e5 6. h3 Be7 7. a5 O-O 8. Be2 Re8 9. O-O Nbd7 10. Re1 h6 11. Bf1 Bf8 12. Nh4 exd4 13. Qxd4 Nc5 14. Nf3 Ne6 15. Qc4 Bd7 16. Bd2 b5 17. axb6 axb6 18.
Nd4 Nc5 19. Rxa8 Rxa8 20. Bf4 b5 21. Qxc5 dxc5 22. Bxc7 cxd4 23. Ne2 Bc5 24. Be5 Ra2 25. Bxd4 Bxd4 26. Nxd4 Rxb2 27. e5 Nd5 28. Bd3 Nb4 29.
e6 fxe6 30. Nxe6 Nxc2 31. Rc1 Bxe6 32. Bxc2 Bd5 33. Bg6 Re2 34. Kf1 Re6 35. Bf5 Rf6 36.
Bd7 Kf8 37. Re1 Rd6 38. Bf5 Kf7 39. h4 Bc4+ 40. Kg1 Be6 41. Be4 c5 42. h5 Kf6 43.
Rb1 b4 44. Rc1 c4 45. Bg6 b3 46. Rc3 Rd1+ 47. Kh2 b2 48. Rf3+ Ke7 49. Re3 b1=Q 50. Bxb1 Rxb1 0-1

[Event "Early-Titled-Tuesday-Blitz-February-06-2024"]
[Site "Chess.com"]
[Date "2024.02.06"]
[Round "8"]
[White "AttilaTurzo"]
[Black "Chesstiger64"]
[Result "1-0"]
[WhiteElo "2458"]
[BlackElo "2273"]
[TimeControl "180+1"]
[EndTime "9:28:40 PST"]
[Termination "AttilaTurzo won by resignation"]

1. d4 d6 2. Bf4 c5 3. e3 cxd4 4. exd4 Nf6 5. Nf3 g6 6. c3 Bg7 7.
Nbd2 O-O 8. Be2 b6 9. O-O Bb7 10.
a4 Nc6 11. Re1 Re8 12. Nc4 Nh5 13. Be3 e5 14. dxe5 dxe5 15. Nd6 Re7 16. Nxb7 Qxd1 17. Rexd1 Rxb7 18. g3 Rc7 19. Ng5 Nf6 20. Bf3 Rac8 21.
Ne4 Na5 22. Nd6 Rb8 23. Bg5 Nc4 24. Nxc4 Rxc4 25. Bxf6 Bxf6 26. Rd7 e4 27. Be2 Rc5 28. Rxa7 e3 29. fxe3 Bg5 30. e4 Rd8 31. Rd1 Rxd1+ 32. Bxd1 Be3+ 33. Kg2 Ra5 34. Rxa5 bxa5 35. b4 Bd2 36.
bxa5 Bxc3 37. a6 Bd4 38. e5 Kf8 39. Kf3 Ke7 40. Ke4 Bb6 41. Kd5 f6 42. exf6+ Kxf6 43. Kc6 Bg1 44. Kb7 Ke5 45. a7 Bxa7 46. Kxa7 Kd4 47.
Kb6 Ke3 48. a5 Kf2 49. a6 Kg1 50. h4 Kh2 51. g4 Kg3 52. h5 Kh4 53. hxg6 hxg6 54.
a7 g5 55. a8=Q 1-0

[Event "Early-Titled-Tuesday-Blitz-February-06-2024"]
[Site "Chess.com"]
[Date "2024.02.06"]
[Round "8"]
[White "vi_pranav"]
[Black "platy3"]
[Result "1-0"]
[WhiteElo "3060"]
[BlackElo "2928"]
[TimeControl "180+1"]
[EndTime "9:28:42 PST"]
[Termination "vi_pranav won by checkmate"]

1. e4 e5 2. Nf3 Nc6 3. Bb5 a6 4. Ba4 Nf6 5. O-O b5 6. Bb3 Bc5 7. c3 d6 8. d4 Bb6 9. Be3 O-O 10. Nbd2 h6 11. h3 Re8 12. Re1 Rb8 13. Nf1 exd4 14. cxd4 Nxe4 15. Bd5 Bb7 16. Bxh6 gxh6 17. Bxe4 Qf6 18.
Ng3 Nxd4 19. Bxb7 Rxe1+ 20. Qxe1 Nc2 21. Qc1 Nxa1 22. Be4 Re8 23. Qxa1 Re5 24. Qd1 Rc5 25. Qd2 Kf8 26. Kh2 Qe6 27. b4 Rc4 28. Bd5 Rc2 29.
Qxc2 Qxd5 30. Qh7 Bxf2 31. Nf5 Ke8 32. Qh8+ Kd7 33. Qf6 Qxa2 34. Qe7+ Kc6 35. Qe8+ Kb6 36. Ne7 Kb7 37. Qc8+ Kb6 38. Qb8# 1-0

[Event "Early-Titled-Tuesday-Blitz-February-06-2024"]
[Site "Chess.com"]
[Date "2024.02.06"]
[Round "8"]
[White "Cheer_Down"]
[Black "traviscottofficial"]
[Result "1-0"]
[WhiteElo "2526"]
[BlackElo "2675"]
[TimeControl "180+1"]
[EndTime "9:28:42 PST"]
[Termination "Cheer_Down won by resignation"]

1. d4 Nf6 2. Nf3 g6 3. Bg5 Bg7 4. Nbd2 d5 5. e3 c6 6. Be2 h6 7. Bh4 O-O 8. O-O Nbd7 9. c4 Re8 10. Qb3 e6 11. Rac1 a6 12. a3 Qb6 13. Qxb6 Nxb6 14. c5 Nbd7 15. Bg3 Nh5 16. Bd6 Bf8 17. Bc7 f5 18. b4 Nhf6 19. Ne5 Nxe5 20. Bxe5 Nd7 21. f4 Nxe5 22. dxe5 a5 23. b5 cxb5 24. Bxb5 Re7 25. Nb3 Rc7 26. a4 Kf7 27. Rc2 Be7 28. Rfc1 g5 29. g3 h5 30. Kf2 h4 31. Nd4 g4 32. c6 b6 33. h3 hxg3+ 34. Kxg3 gxh3 35. Rh1 Ba6 36. Rxh3 Rg8+ 37. Kf3 Bc8 38. Rh7+ Rg7 39. Rch2 Bc5 40. Rh8 Kg6 41. R2h6+ Kf7 42. Rf6+ Ke7 43. Rxc8 Rxc8 44. Rxe6+ Kf7 45. Rf6+ Kg8 46. Nxf5 Rg1 47. Nd4 Bxd4 48. exd4 Rc7 49. Rd6 Rf7 50. Rxd5 Rf1+ 51. Bxf1 1-0

[Event "Early-Titled-Tuesday-Blitz-February-06-2024"]
[Site "Chess.com"]
[Date "2024.02.06"]
[Round "8"]
[White "Casper"]
[Black "TV27"]
[Result "1-0"]
[WhiteElo "2530"]
[BlackElo "2175"]
[TimeControl "180+1"]
[EndTime "9:28:42 PST"]
[Termination "Casper won by resignation"]

1. Nf3 d6 2. d4 f5 3. Nc3 Nf6 4. Bg5 e6 5. e4 fxe4 6. Nxe4 Be7 7. Bd3 O-O 8. O-O Nc6 9. c3 Nd5 10. Qc2 h6 11. Bxe7 Qxe7 12. Rae1 Nf4 13. Ng3 Nxd3 14.
Qxd3 Qf7 15. Nh4 g5 16. Ng6 Re8 17. f4 g4 18. Nh5 Qf5 19. Qxf5 exf5 20. Rxe8+ Kf7 21.
d5 Kxe8 22. Re1+ Kf7 23. Nh8+ Kg8 24. Re8+ Kh7 25. Nf6+ Kg7 26. Nh5+ Kh7 27. dxc6 bxc6 28. Ng3 Kg7 29. Nxf5+ Kf6 30. Nxh6 Rb8 31. Nxg4+ Kf5 32. h3 Kxf4 33. Ng6+ Kf5 34. Rxc8 Rxb2 35. Nh4+ Kg5 36.
Nf3+ Kf4 37. Rxc7 Kg3 38. Ne3 Rb1+ 39. Nf1+ Kf4 40. Rxc6 Rd1 41. Kf2 Ke4 42. Ke2 Ra1 43. Rc4+ Kd5 44. Ra4 Kc5 45. N1d2 Kb5 46. Rxa7 Kb6 47.
Ra3 Kc6 48. h4 Rh1 49. g4 Kd7 50. h5 Rh3 51. Ra7+ Ke6 52. Ng5+ Kd5 53. Nxh3 Ke5 54. h6 d5 55. h7 d4 56. h8=Q+ Kd5 57. Qxd4+ Kc6 58. Qd7+ Kb6 59. Nc4+ Kc5 60. Qd4+ Kc6 61. Ne5+ 1-0

[Event "Early-Titled-Tuesday-Blitz-February-06-2024"]
[Site "Chess.com"]
[Date "2024.02.06"]
[Round "8"]
[White "UK_23"]
[Black "boguszp"]
[Result "1/2-1/2"]
[WhiteElo "2385"]
[BlackElo "2102"]
[TimeControl "180+1"]
[EndTime "9:28:42 PST"]
[Termination "Game drawn by agreement"]

1. e4 c6 2. Nc3 d5 3. Nf3 Bg4 4. h3 Bxf3 5. Qxf3 e6 6. Be2 Nf6 7. O-O Be7 8. Rd1 O-O 9. d4 dxe4 10. Nxe4 Nbd7 11. a4 Nxe4 12. Qxe4 Nf6 13. Qd3 c5 14. dxc5 Bxc5 15. Qc4 Qb6 16. Qh4 Rad8 17. a5 Rxd1+ 18. Bxd1 Qd6 19. Bf4 Qd4 20. c3 Qd3 21. Bf3 Qf5 22.
Bxb7 e5 23. Qg5 Qxf4 24. Qxf4 exf4 25. b4 Bd6 26. Rd1 Rd8 27. Kf1 g5 28. c4 Rd7 29.
Bc6 Rd8 30. b5 Bc7 31. Ra1 Rd4 32. b6 axb6 33. a6 Bb8 34. Bb5 Ba7 35. Re1 Re4 36.
Rd1 Re7 37. Rd8+ Kg7 38. Ra8 Ne4 39. Bc6 Nd2+ 40. Kg1 Nxc4 41. Bb7 Nd6 42. Rxa7 Kf6 43. Kf1 Ke5 44. g3 Kd4 45. Ra8 Nxb7 46. a7 Nd6 47. gxf4 gxf4 48. Rd8 Rxa7 49. Rxd6+ Ke5 50. Rxb6 f3 51. Kg1 f5 52. Rh6 f4 53. Kh2 Rg7 54.
Kh1 Rg2 55. Rxh7 Rxf2 56. Kg1 Rg2+ 57. Kf1 Ra2 58. h4 f2 59. h5 Ke4 60. Rb7 Kf3 61. Rb3+ Kg4 62. h6 Ra7 63. Kxf2 Rh7 64. Rb6 Kg5 65.
Kf3 Rxh6 66. Rb5+ Kg6 67. Kxf4 Rh4+ 68. Kg3 Rc4 1/2-1/2